 Dungeon Crawl Stone Soup version 0.30.1-11-g7821555f0a (webtiles) character file.

Game seed: 5967143498165179469

39 Amplified the Caller (level 3, -1/26 HPs)
             Began as a Demonspawn Summoner on Nov 9, 2023.
             Slain by a goblin
             ... wielding a +0 dagger of venom
              (2 damage)
             ... on level 2 of the Dungeon.
             The game lasted 00:01:24 (745 turns).

Amplified the Caller (Demonspawn Summoner)           Turns: 745, Time: 00:01:24

Health: -1/26      AC:  4    Str: 16    XL:     3   Next: 26%
Magic:  6/6        EV: 12    Int: 16    God:
Gold:   43         SH:  0    Dex: 13    Spells: 6/7 levels left

rFire   + . .        d - +0 dagger (venom)
rCold   + . .        (no shield)
rNeg    + . .        a - +0 robe
rPois   +            (no helmet)
rElec   +            (no cloak)
rCorr   +            h - +1 pair of gloves
SInv    .            (no boots)
Will    .....        (no amulet)
Stlth   +            c - +6 ring of strength
HPRegen 0.24/turn    f - ring of positive energy
MPRegen 0.10/turn

%: no passive effects
@: silenced, resistant
A: demonic guardian 1
a: no special abilities


You were on level 2 of the Dungeon.
You visited 1 branch of the dungeon, and saw 2 of its levels.

You collected 43 gold pieces.

Inventory:

Hand Weapons
 d - a +0 dagger of venom (weapon)
Armour
 a - a +0 robe (worn)
 h - a +1 pair of gloves (worn)
Jewellery
 c - a +6 ring of strength (left hand)
 f - a ring of positive energy (right hand)
Potions
 b - a potion of magic


   Skills:
 * Level 1.5 Fighting
 - Level 1.7 Dodging
 - Level 1.7 Stealth
 * Level 2.6 Spellcasting
 * Level 4.4 Summonings


You had 6 spell levels left.
You knew the following spells:

 Your Spells              Type           Power      Damage    Failure   Level
a - Summon Small Mammal   Summ           64%        N/A       3%          1

Your spell library contained the following spells:

 Spells                   Type           Power      Damage    Failure   Level
 Call Imp                 Summ           32%        N/A       4%          2
 Call Canine Familiar     Summ           16%        N/A       10%         3
 Summon Guardian Golem    Hex/Summ       9%         N/A       24%         3
 Summon Lightning Spire   Summ/Air       9%         N/A       61%         4


Dungeon Overview and Level Annotations

Branches:
Dungeon (2/15)

Altars:

Annotations:
D:2 Sigmund


Innate Abilities, Weirdness & Mutations

A weak demonic guardian rushes to your aid.


Message History

Sigmund hits you with a +0 scythe!
You hit Sigmund but do no damage.
Sigmund looks as sick as possible!
Sigmund is lightly wounded.
The goblin barely misses you.
Unknown command.
You hit Sigmund.
Sigmund looks as sick as possible!
Sigmund is moderately wounded.
Sigmund hits you with a +0 scythe. The goblin hits you but does no damage.
You are poisoned.
Unknown command.
Sigmund attacks as you move away! Sigmund hits you with a +0 scythe!
* * * LOW HITPOINT WARNING * * *
You feel sick.
Unknown command.
It was a potion of resistance.
You feel protected.
You feel sick. The goblin hits you but does no damage.
Unknown command.
The goblin attacks as you move away!
The goblin hits you with a +0 dagger of venom.
* * * LOW HITPOINT WARNING * * *
x2 You feel sick.
Unknown command.
Magic scrolls do not work when you're silenced!
Unknown command.
Okay, then.
* * * LOW HITPOINT WARNING * * *
You feel sick.
* * * LOW HITPOINT WARNING * * *
You feel sick.
You hit the goblin.
The goblin is heavily wounded.
* * * LOW HITPOINT WARNING * * *
You feel sick.
You are no longer poisoned.
Sigmund gestures wildly while chanting.
Sigmund flickers and vanishes!
Deactivating autopickup; reactivate with Ctrl-A.
The goblin hits you with a +0 dagger of venom.
You die...

#.# #.# ##.## #.# #.# #.# #.# #.#
#.# #.# #.# ##+## ###.#### #.#
##...# #......# #.# # ##.....
##...##.### #.# .## ##......
#.........####.#...####.......
.'......†.....Sg@........+.......
.###(...##.#{####.#...####.......
#......>#@.........# ##......
#.###...#..........# ##..... #.
#.###...##.###.# ##...# #. ...
....##.# .# ##'## ##. ##..##.# #
#.## #..##.# #.#. ..# #######.#.


You could see a goblin and a ball python.

Vanquished Creatures
  2 adders (D:2)
  A worm (D:2)
  A dart slug (D:2)
  An endoplasm (D:2)
  A goblin (D:2)
  2 hobgoblins (D:2)
  A quokka (D:1)
  2 ball pythons
  2 bats
13 creatures vanquished.

Vanquished Creatures (collateral kills)
  A bat (D:1)
  A goblin (D:1)
  A ball python (D:1)
  A kobold (D:2)
4 creatures vanquished.

Grand Total: 17 creatures vanquished

Notes
Turn   | Place    | Note
-------+----------+-------------------------------------------
     0 | D:1      | Amplified the Demonspawn Summoner began the quest for the
                  | Orb.
     0 | D:1      | Reached XP level 1. HP: 13/13 MP: 3/3
   290 | D:2      | Noticed Sigmund
   311 | D:2      | Gained mutation: A weak demonic guardian rushes to your
                  | aid. [demonic ancestry]
   311 | D:2      | Reached XP level 2. HP: 18/20 MP: 5/5
   329 | D:2      | Reached skill level 1 in Fighting
   493 | D:2      | Reached XP level 3. HP: 25/26 MP: 6/6
   745 | D:2      | HP: 1/26 [poisoned by a goblin]
   745 | D:2      | Slain by a goblin

Illustrated notes

Levels and vault maps discovered:
D:1:      dpeg_arrival_signposts, layout_rooms, basic_ecumenical_altar,
          grunt_decor_fettered, minivault_24
D:2:      layout_loops_corners, uniq_sigmund

Skill      XL: |  1  2 |
---------------+-------+-----
Fighting       | 1 |  1.5
Dodging        | |  1.7
Stealth        | |  1.7
Spellcasting   | |  2.6
Summonings     | |  4.4

Action                     || total
---------------------------++-------
  Melee: Unarmed           ||    18
         Dagger            ||    42
   Cast: Summon Small Mamm ||    11
    Use: Scroll            ||     1
         Potion            ||     1
   Stab: Sleeping          ||     3
 Armour: Robe              ||    11
  Dodge: Dodged            ||    45
